 Dungeon Crawl Stone Soup version 0.29.1-1-gd02db6906a (webtiles) character file.

Game seed: 4724011781022141995

32 Godmorgon the Trooper (level 3, 0/33 HPs)
             Began as a Minotaur Fighter on Sept 22, 2022.
             Succumbed to a kobold's poison
             ... on level 1 of the Dungeon.
             The game lasted 00:03:08 (644 turns).

Godmorgon the Trooper (Minotaur Fighter)             Turns: 644, Time: 00:03:08

Health: 0/33       AC:  6    Str: 22    XL:     3   Next: 8%
Magic:  2/2        EV:  9    Int:  5    God:
Gold:   65         SH:  4    Dex:  9    Spells: 2/2 levels left

rFire   . . .      SeeInvis .   a - +0 flail
rCold   . . .      Faith    .   c - +0 buckler
rNeg    . . .      Spirit   .   b - +0 scale mail
rPois   .          Reflect  .   (helmet restricted)
rElec   .          Harm     .   (no cloak)
rCorr   .          Rampage  .   (no gloves)
Will    .....      Rnd*Tele +   (no boots)
Stlth   ..........              (no amulet)
HPRegen 0.11/turn               (no ring)
MPRegen 0.08/turn               (no ring)

@: mighty, lethally poisoned (0 -> -2)
A: horns 2, retaliatory headbutt, teleportitis 1
a: no special abilities


You were on level 1 of the Dungeon.
You visited 1 branch of the dungeon, and saw 1 of its levels.

You collected 65 gold pieces.

Inventory:

Hand Weapons
 a - a +0 flail (weapon)
 d - a +0 dagger of venom
Missiles
 f - 8 stones (quivered)
Armour
 b - a +0 scale mail (worn)
 c - a +0 buckler (worn)
Scrolls
 e - a scroll of amnesia {unknown}
 h - a scroll of fear {unknown}


   Skills:
 + Level 4.1 Fighting
 * Level 3.9 Maces & Flails
 - Level 3.6 Armour
 - Level 3.6 Shields


You had 2 spell levels left.
You didn't know any spells.
Your spell library was empty.

Dungeon Overview and Level Annotations

Branches:
Dungeon (1/15)

Altars:


Innate Abilities, Weirdness & Mutations

You have a pair of horns on your head.
You reflexively headbutt those who attack you in melee.
You are occasionally teleported next to monsters.


Message History

Press: ? - help, v - describe, . - travel, g - get item
Here: a kobold, wielding a +0 dagger of venom (moderately wounded)
Items here: a +0 short sword; 3 stones; a kobold corpse.
The floor.
Unknown command.
You barely miss the kobold.
The kobold is moderately wounded.
You feel sick. The kobold hits you but does no damage.
You are more poisoned.
You hit the kobold but do no damage.
The kobold is moderately wounded.
You feel very sick. The kobold hits you but does no damage.
You are lethally poisoned!
You feel very mighty all of a sudden.
You feel very sick. The kobold misses you.
You hit the kobold.
You kill the kobold!
You feel very sick.
You feel very sick.
Items here: ( )) ††.
d - a +0 dagger of venom
* * * LOW HITPOINT WARNING * * *
You feel very sick.
Okay, then.
Okay, then.
* * * LOW HITPOINT WARNING * * *
You feel sick.
* * * LOW HITPOINT WARNING * * *
You feel sick.
* * * LOW HITPOINT WARNING * * *
You feel sick.
* * * LOW HITPOINT WARNING * * *
You feel sick.
* * * LOW HITPOINT WARNING * * *
You feel sick.
It was a potion of mutation.
You feel extremely strange.
You feel weirdly uncertain.
You die...

##...##.....# ##...##
##.###.....# #####
##### #.........#
#.#.#. #####.....#
#.#.#.. #
#.....#####.#.###.####
###.#................#
#.#######)##.##.##.#
#.######...........)
#..@.........†..##.#
#..#########.#####.#
#..# #.#####.# #..#
##.....†.# #..#
#......... #...
#.######## ##.# #. #..
.. ### ### ######


There were no monsters in sight!

Vanquished Creatures
  A dart slug (D:1)
  2 endoplasms (D:1)
  2 giant cockroaches (D:1)
  2 goblins (D:1)
  2 hobgoblins (D:1)
  A quokka (D:1)
  2 ball pythons (D:1)
  3 bats (D:1)
  7 frilled lizards (D:1)
  6 kobolds (D:1)
  2 rats (D:1)
30 creatures vanquished.

Notes
Turn   | Place    | Note
-------+----------+-------------------------------------------
     0 | D:1      | Godmorgon the Minotaur Fighter began the quest for the Orb.
     0 | D:1      | Reached XP level 1. HP: 19/19 MP: 0/0
    63 | D:1      | Reached XP level 2. HP: 24/27 MP: 1/1
   222 | D:1      | Reached skill level 4 in Fighting
   523 | D:1      | Reached XP level 3. HP: 33/33 MP: 2/2
   643 | D:1      | HP: 1/33 [poisoned by a kobold]
   644 | D:1      | Gained mutation: You are occasionally teleported next to
                  | monsters. [potion of mutation]
   644 | D:1      | Succumbed to a kobold's poison

Illustrated notes

Levels and vault maps discovered:
D:1:      dpeg_arrival_signposts, layout_loops_ring, minmay_lizard_pond

Skill      XL: |  1  2 |
---------------+-------+-----
Maces & Flails | 3 |  3.9
Fighting       | 4 |  4.1
Armour         | |  3.6
Shields        | |  3.6

Action                   || total
-------------------------++-------
Melee: Flail             ||    71
       Headbutt          ||     7
  Use: Potion            ||     2
Armor: Scale mail        ||    25
Dodge: Dodged            ||    28
Block: Buckler           ||    22
